 Dungeon Crawl Stone Soup version 0.28-a0-309-gf6d37e6e1d (webtiles) character file.

Game seed: 15508398841408831388

22 McIrco the Shield-Bearer (level 3, -5/29 HPs)
             Began as a Human Fighter on Aug 30, 2021.
             Slain by Sigmund (9 damage)
             ... on level 2 of the Dungeon.
             The game lasted 00:01:12 (942 turns).

McIrco the Shield-Bearer (Human Fighter)             Turns: 942, Time: 00:01:12

Health: -5/29      AC:  6    Str: 17    XL:     3   Next: 7%
Magic:  3/3        EV:  7    Int:  8    God:
Gold:   18         SH:  8    Dex: 12    Spells: 2/2 levels left

rFire   . . .      SeeInvis .   a - +0 war axe
rCold   . . .      Faith    .   c - +0 kite shield
rNeg    . . .      Spirit   .   b - +0 scale mail
rPois   .          Reflect  .   (no helmet)
rElec   .          Harm     .   (no cloak)
rCorr   .          Rampage  .   (no gloves)
Will    .....                   (no boots)
Stlth   ..........              (no amulet)
HPRegen 0.09/turn               (no ring)
MPRegen 0.08/turn               (no ring)

@: mighty, attractive
A: no striking features
a: no special abilities


You were on level 2 of the Dungeon.
You visited 1 branch of the dungeon, and saw 2 of its levels.

You collected 18 gold pieces.

Inventory:

Hand Weapons
 a - a +0 war axe (weapon)
Armour
 b - a +0 scale mail (worn)
 c - a +0 kite shield (worn)
Scrolls
 e - a scroll of fear {unknown}
 f - a scroll of magic mapping {unknown}
 g - a scroll of enchant armour {unknown}


   Skills:
 + Level 3.2 Fighting
 - Level 2.0 Axes
 + Level 3.4 Armour
 + Level 3.4 Shields


You had 2 spell levels left.
You didn't know any spells.
Your spell library was empty.

Dungeon Overview and Level Annotations

Branches:
Dungeon (2/15)

Altars:

Annotations:
D:2 Sigmund


Message History

Found a stone staircase leading down.
Found a stone staircase leading down.
Found a stone staircase leading down.
There is a stone staircase leading down here.
Found a stone staircase leading up.
A hobgoblin comes into view.
The hobgoblin shouts!
A hobgoblin is nearby!
Sigmund the Dreaded comes into view.
He is wielding a +3 scythe of freezing.
The hobgoblin hits you but does no damage.
You barely miss the hobgoblin.
Sigmund shouts!
The hobgoblin hits you but does no damage.
You slash the hobgoblin!
You kill the hobgoblin!
Sigmund gestures wildly while chanting.
Sigmund flickers and vanishes!
Deactivating autopickup; reactivate with Ctrl-A.
Something hits you but does no damage.
No target in view!
No target in view!
Unknown command.
You are confused.
Okay, then.
Unknown command.
It was a potion of attraction.
You feel attractive to monsters. Something is attracted toward you.
Unknown command.
You miss something. Something hits you. Something freezes you.
You bump into the rock wall.
Something hits you! Something freezes you.
You bump into the rock wall.
Something hits you!
* * * LOW HITPOINT WARNING * * *
Something freezes you.
* * * LOW HITPOINT WARNING * * *
You feel very mighty all of a sudden.
You barely miss something.
You feel less confused. Something hits you!
You die...

###########
#...†...@.# ####
........###.#.<..
###.###.# #.#..#
# ##.###.#..####
#.........#...
#..###........
#..# #.#..#.##
#.##..###.#......
#..........#.#.##


There were no monsters in sight!

Vanquished Creatures
  3 endoplasms (D:1)
  2 goblins (D:1)
  3 hobgoblins
  A quokka (D:1)
  3 ball pythons (D:1)
  5 bats (D:1)
  A kobold (D:1)
  2 rats (D:1)
20 creatures vanquished.

Notes
Turn   | Place    | Note
-------+----------+-------------------------------------------
     0 | D:1      | McIrco the Human Fighter began the quest for the Orb.
     0 | D:1      | Reached XP level 1. HP: 18/18 MP: 1/1
   118 | D:1      | Found a faded altar of an unknown god.
   254 | D:1      | Reached XP level 2. HP: 24/24 MP: 2/2
   761 | D:1      | Reached XP level 3. HP: 24/29 MP: 3/3
   931 | D:2      | Noticed Sigmund
   942 | D:2      | Slain by Sigmund

Illustrated notes

Levels and vault maps discovered:
D:1:      minmay_arrival_four_loops, layout_loops_ring,
          ebering_ecumenical_altar_box
D:2:      layout_loops_ring, serial_shops,
          nicolae_shop_temple_entry_statues_fountains, basic_altar, uniq_sigmund

Action                   || total
-------------------------++-------
Melee: War axe           ||    82
  Use: Potion            ||     2
Armor: Scale mail        ||    65
Dodge: Dodged            ||    39
Block: Kite shield       ||    53

Table legend: (Time is in decaauts)
 A = Elapsed time spent in this place.
 B = Non-inter-level travel time spent in this place.
 C = Inter-level travel time spent in this place.
 D = Time resting spent in this place.
 E = Time spent auto-exploring this place.
 F = Levels seen in this place.
 G = Mean time per level.
                   A        B        C        D        E       F      G
               +--------+--------+--------+--------+--------+-----+--------+
         Total |    993 |    982 |     11 |      0 |    775 |   2 |  496.5 |
       Dungeon |    993 |    982 |     11 |      0 |    775 |   2 |  496.5 |
               +--------+--------+--------+--------+--------+-----+--------+

Top non-repeatable levels by time:
     D:1: 951 daAuts
     D:2: 41 daAuts
